 Dungeon Crawl Stone Soup version 0.24.1 (webtiles) character file.

Game seed: 12366628736079750167, levelgen mode: deterministic

102 Destapler the Digger (level 4, 0/38 HPs)
             Began as a Deep Dwarf Earth Elementalist on Mar 28, 2020.
             Slain by an orc priest
             ... wielding a +0 club
              (2 damage)
             ... on level 2 of the Dungeon.
             The game lasted 00:06:42 (1284 turns).

Destapler the Digger (DDEE)                         Turns: 1284, Time: 00:06:43

Health: 0/38       AC: 12    Str: 14    XL:     4   Next: 50%
Magic:  6/6        EV:  4    Int: 15    God:
Gold:   110        SH:  0    Dex: 14    Spells: 6/7 levels left

rFire    + . .     SeeInvis .   a - +0 hand axe
rCold    . . .     Gourm    .   (no shield)
rNeg     . . .     Faith    .   m - +2 plate armour {rF+}
rPois    .         Spirit   .   (no helmet)
rElec    .         Reflect  .   (no cloak)
rCorr    .         Harm     .   (no gloves)
MR       .....                  (no boots)
Stlth    ..........             (no amulet)
HPRegen  0.00/turn              k - +2 ring of strength
MPRegen  0.10/turn              (no ring)

@: non-regenerating
A: damage resistance, heal wounds, sense surroundings 1, no regeneration
a: Heal Wounds


You were on level 2 of the Dungeon.
You were not hungry.

You visited 1 branch of the dungeon, and saw 2 of its levels.

You collected 110 gold pieces.

Inventory:

Hand Weapons
 a - a +0 hand axe (weapon)
Missiles
 b - 93 stones (quivered)
Armour
 c - a +0 robe
 m - a +2 plate armour of fire resistance (worn)
Jewellery
 k - a +2 ring of strength (left hand)
Scrolls
 e - 2 scrolls of teleportation {unknown}
 g - a scroll of remove curse {unknown}
 h - a scroll of fear {unknown}
 i - 4 scrolls of identify {unknown}
 j - 2 scrolls of enchant weapon {unknown}
Potions
 l - a potion of curing
Comestibles
 d - 4 rations
 f - 4 chunks of flesh


   Skills:
 + Level 1.5 Fighting
 + Level 0.4 Axes
 * Level 1.0 Armour
 + Level 3.7 Dodging
 + Level 3.6 Stealth
 - Level 2.0 Spellcasting
   Level 0.8 Transmutations
 - Level 4.0 Earth Magic


You had 6 spell levels left.
You knew the following spells:

 Your Spells              Type           Power        Failure   Level  Hunger
a - Sandblast             Erth           ##....       99%         1    #......

Your spell library contained the following spells:

 Spells                   Type           Power        Failure   Level  Hunger
 Passwall                 Tmut/Erth      #.......     100%        2    ###....
 Stone Arrow              Conj/Erth      #.....       100%        3    ###....
 Petrify                  Tmut/Erth      #.......     100%        4    #####..
 Lee's Rapid Deconstruct  Erth           ##........   100%        5    ######.


Dungeon Overview and Level Annotations

Branches:
Dungeon (2/15)

Altars:


Innate Abilities, Weirdness & Mutations

You are resistant to damage.
You can heal yourself by infusing magical energy.
You passively map a small area around you.
You do not regenerate.


Message History

You struggle to resist.
You hit the orc priest.
The orc priest is almost dead.
You hit the orc wizard.
The orc wizard gestures at you while chanting.
The puff of frost hits you!
* * * LOW HITPOINT WARNING * * *
The orc priest hits you but does no damage.
The orc wizard hits you but does no damage.
You hit the orc priest.
You kill the orc priest!
Your Armour skill increases to level 1!
You hit the orc wizard.
The orc wizard mumbles some strange words.
The orc wizard flickers and vanishes!
Deactivating autopickup; reactivate with Ctrl-A.
You miss something.
Your plate armour prevents you from hitting the orc priest.
The orc priest hits you with a +0 club.
You die...

#.# #.# , #.# *
##.## ,
#######...########
* *
#.................
* ,
#.#.###.......####
* #.#.........<.#
** ,
#@#.###[..÷...####
* ,...ogoo{..#
#........)÷# ,
##..###.###
#.......##.. * #
..............####
*,
..##..............
* ,
#####.#############
* #. , , #


You could see an orc priest, 2 orcs and a hobgoblin.

Vanquished Creatures
  An orc priest (D:2)
  2 adders (D:2)
  A worm (D:2)
  A leopard gecko (D:1)
  A ball python (D:2)
  3 giant cockroaches
  8 goblins
  5 hobgoblins
  3 jackals (D:1)
  10 bats
  3 frilled lizards (D:2)
  7 kobolds
  4 rats
49 creatures vanquished.

Notes
Turn   | Place    | Note
-------+----------+-------------------------------------------
     0 | D:1      | Destapler the Deep Dwarf Earth Elementalist began the quest
                  | for the Orb.
     0 | D:1      | Reached XP level 1. HP: 15/15 MP: 3/3
   129 | D:1      | Reached XP level 2. HP: 22/24 MP: 4/4
   776 | D:2      | Reached skill level 1 in Fighting
   776 | D:2      | Reached XP level 3. HP: 12/31 MP: 6/6
  1160 | D:2      | Reached XP level 4. HP: 34/38 MP: 6/6
  1283 | D:2      | Reached skill level 1 in Armour
  1284 | D:2      | Slain by an orc priest

Levels and vault maps discovered:
D:1:      wander_arrival_abandoned_jail, layout_loops_ring, glass_columns_a
D:2:      layout_loops_ring, uniq_terence

Skill      XL: |  1  2  3  4 |
---------------+-------------+-----
Spellcasting   | 2 |  2.0
Dodging        | 3 |  3.7
Stealth        | 3 |  3.6
Fighting       | 1 |  1.5
Armour         | 1 |  1.0
Axes           | |  0.4
Transmutations | |  0.8
Earth Magic    | |  4.0

Action                   |  1- 3 |  4- 6 || total
-------------------------+-------+-------++-------
Melee: Unarmed           |    27 |       ||    27
       Dagger            |   266 |       ||   266
       Hand axe          |     4 |    39 ||    43
 Cast: Sandblast         |     1 |       ||     1
 Abil: Heal Wounds       |     5 |     2 ||     7
 Stab: Sleeping          |     6 |       ||     6
  Eat: Chunk             |     1 |     1 ||     2
Armor: Robe              |    90 |     1 ||    91
       Plate armour      |       |    28 ||    28
Dodge: Dodged            |   287 |    21 ||   308
